 Dungeon Crawl Stone Soup version 0.22-a0-398-g8bb545f (webtiles) character file.

28 ololoev the Magician (level 3, -3/22 HPs)
             Began as a Halfling Wizard on May 4, 2018.
             Slain by an adder (4 damage)
             ... on level 1 of the Dungeon.
             The game lasted 00:03:42 (1231 turns).

ololoev the Magician (Halfling Wizard)              Turns: 1231, Time: 00:03:43

Health: -3/22      AC:  2    Str:  6 (9)  XL:     3   Next: 27%
Magic:  0/7        EV: 14    Int: 13 (16) God:
Gold:   30         SH:  0    Dex:  9 (12) Spells: 2/7 levels left

rFire    . . .     SeeInvis .   c - +0 club
rCold    . . .     Gourm    .   (shield restricted)
rNeg     . . .     Faith    .   a - +0 robe
rPois    .         Spirit   .   b - +0 hat
rElec    .         Reflect  .   (no cloak)
rCorr    .         Harm     .   (no gloves)
MR       .....                  (no boots)
Stlth    ++........             (no amulet)
HPRegen  0.07/turn              (no ring)
MPRegen  0.10/turn              (no ring)

@: lethally poisoned (-3 -> -11), very slightly contaminated
A: small, mutation resistance 1
a: no special abilities


Innate Abilities, Weirdness & Mutations

You are small and have problems with some larger weapons.
You are somewhat resistant to further mutation.

Inventory:

Hand Weapons
 c - a +0 club (weapon)
Armour
 a - a +0 robe (worn)
 b - a +0 hat (worn)
 h - +0 gold dragon scales
Scrolls
 g - a scroll of immolation
Comestibles
 d - 4 rations
 i - a chunk of flesh


   Skills:
 + Level 0.3 Fighting
 + Level 0.5 Armour
 + Level 2.3 Dodging
 - Level 2.1 Stealth
 - Level 2.7 Spellcasting
 - Level 1.5 Conjurations
 - Level 0.7 Summonings
 - Level 1.1 Translocations


You had 2 spell levels left.
You knew the following spells:

 Your Spells              Type           Power        Failure   Level  Hunger
a - Magic Dart            Conj           #...         13%         1    #......
b - Call Imp              Summ           #.......     26%         2    ###....
k - Blink                 Tloc           N/A          22%         2    ###....


You were on level 1 of the Dungeon.
You were not hungry.

You visited 1 branch of the dungeon, and saw 2 of its levels.

You collected 30 gold pieces.

#........#..##..#####......# #.
.........#.###...####......#####.
.##......#.# ##.....##.#####.....
.##......#.# #..##....## ##.####
..#......#.####...###...###..#
#.#......#...............##>##
#.#.........#.........##.##.#####
#..........##.........##..#......
.#.......#......@.....###.#......
.........##....S......#..........
.#..........#...........###......
.#.#...........#...#..#####......
..........####.#...#...#....#####
..(................##....####
......#...######...##....##
...##.###....###...##.#...#
......# #.##...#..........#

Notes
Turn   | Place    | Note
-------+----------+-------------------------------------------
     0 | D:1      | ololoev the Halfling Wizard began the quest for the Orb.
     0 | D:1      | Reached XP level 1. HP: 11/11 MP: 3/3
   137 | D:1      | Reached skill level 1 in Conjurations
   197 | D:1      | Reached XP level 2. HP: 13/17 MP: 1/5
   201 | D:1      | Learned a level 2 spell: Blink
   204 | D:1      | Learned a level 2 spell: Call Imp
  1086 | D:1      | Reached XP level 3. HP: 21/21 MP: 1/7
  1231 | D:1      | HP: 1/22 [poisoned by an adder]
  1231 | D:1      | Slain by an adder

Dungeon Overview and Level Annotations

Branches:
Dungeon (2/15)

Altars:


Message History

Things that are here:
a chunk of flesh; a frilled lizard skeleton Unknown command.
Unknown command.
What are your orders? t - Shout!
Orders for allies: a - Attack new target. r - Retreat! s - Stop attacking. g - Guard the area. f - Follow me.
Anything else - Cancel.
Gang up on whom?
Press: ? - help, Dir - move target cursor, f - kobold
Aim: a kobold (resting) Attack!
i - 2 chunks of flesh (gained 1)
Your white imp disappears in a puff of smoke!
Eat one of 2 chunks of flesh? (ye/n/q)
You eat one of the 2 chunks of flesh.
This raw flesh tastes terrible.
The kobold shouts!
Your crimson imp disappears in a puff of smoke!
Your shadow imp hits the kobold.
The kobold dies!
An adder comes into view.
You see here a runed long sword.
The adder hisses angrily.
Casting: Magic Dart (safe; 11% risk of failure)
Confirm with . or Enter, or press ? or * to list all spells.
A beastly little devil appears in a puff of flame.
The adder bites you.
You hit the adder but do no damage. The adder barely misses you.
Your shadow imp closely misses the adder.
The adder misses you.
Your crimson imp closely misses the adder.
Your shadow imp barely misses the adder.
You miss the adder. The adder closely misses you.
Your crimson imp hits the adder.
Your shadow imp hits the adder.
The adder bites you.
You are poisoned.
The adder poisons you!
You hit the adder but do no damage.
The adder is moderately wounded.
You feel sick.
Your shadow imp disappears in a puff of smoke!
Your crimson imp completely misses the adder.
The adder misses you.
You aren't carrying any items that you can evoke.
Unknown command.
You feel sick.
Your crimson imp blinks!
The adder misses you.
You feel sick. The adder misses you.
There is a stone staircase leading up here.
You feel sick. The adder completely misses you.
You climb upwards.
There is a stone staircase leading down here.
It was a potion of degeneration.
There was something very wrong with that liquid.
You feel weakened.
You feel dopey.
You feel clumsy. The adder bites you.
You aren't carrying any potions.
Unknown command.
As you read the scroll labeled QURUKKYEFEV, it crumbles to dust.
It is a scroll of identify.
g - a scroll of immolation You feel sick.
The adder bites you.
You are lethally poisoned!
The adder poisons you! The adder misses you.
You aren't carrying any potions.
Unknown command.
Casting: Call Imp (safe; 26% risk of failure)
Confirm with . or Enter, or press ? or * to list all spells.
You miscast Call Imp.
You are very lightly contaminated with residual magic.
Distant voices call out to you!
You feel sick. The adder bites you.
You hit the adder.
The adder is heavily wounded.
You feel sick. The adder barely misses you. The adder bites you.
You die...

You could see an adder.

Vanquished Creatures
  2 dart slugs (D:1)
  A giant cockroach (D:1)
  A hobgoblin (D:1)
  A ball python (D:1)
  2 bats (D:1)
  2 frilled lizards
  A goblin (D:1)
  5 rats (D:1)
15 creatures vanquished.

Vanquished Creatures (collateral kills)
  An adder (D:2)
  A giant cockroach (D:1)
  2 hobgoblins (D:1)
  3 jackals (D:1)
  A bat (D:2)
  2 kobolds
  A rat (D:1)
11 creatures vanquished.

Grand Total: 26 creatures vanquished

Action                   || total
-------------------------++-------
Melee: Club              ||    42
 Cast: Magic Dart        ||    23
       Call Imp          ||    11
  Use: Scroll            ||     1
       Potion            ||     1
 Stab: Sleeping          ||     2
  Eat: Chunk             ||     2
Armor: Robe              ||    17
Dodge: Dodged            ||    50

Vault maps used:
D:1:      dpeg_arrival_radiant
D:2:      nicolae_overflow_crystal_walls
